 Dungeon Crawl Stone Soup version 0.15-a0-1950-gbc841a2 (webtiles) character file.

95 Quh the Grave Robber (level 4, -1/30 HPs)
             Began as a Human Necromancer on July 9, 2014.
             Slain by an ooze (2 damage)
             ... on Level 2 of the Dungeon.
             The game lasted 00:10:27 (2121 turns).

Quh the Grave Robber (Human Necromancer)            Turns: 2121, Time: 00:10:27

HP  -1/30        AC  4     Str  8      XL: 4   Next: 97%
MP   0/8         EV 12     Int 16      God:
Gold 95          SH  0     Dex 14      Spells:  3 memorised,  3 levels left

rFire  . . .     SeeInvis .     o - +1 dagger (drain)
rCold  . . .     Clarity  .     y - +0 robe
rNeg   . . .     rCorr    .     (no shield)
rPois  .         rRot     .     (no helmet)
rElec  .         Spirit   .     (no cloak)
SustAb .         Warding  .     p - +0 pair of gloves
rMut   .         Stasis   .     d - +0 pair of boots
Gourm  .                        (no amulet)
MR     .....                    (no ring)
                                (no ring)

@: not resistant to hostile enchantments, unstealthy
A: no striking features
a: no special abilities


You were on level 2 of the Dungeon.
You were hungry.

You visited 1 branch of the dungeon, and saw 2 of its levels.

You collected 95 gold pieces.

Inventory:

Hand weapons
 h - a +0 club
 k - a +0 dagger
 o - a +1 dagger of draining (weapon)
Missiles
 t - 13 stones (quivered)
Armour
 a - a +0 robe
 d - a +0 pair of boots (worn)
 l - a +0 robe
 p - a +0 pair of gloves (worn)
 y - a +0 robe (worn)
Comestibles
 c - 3 bread rations
 r - a rotting chunk of jackal flesh
 z - a rotting chunk of worm flesh
Scrolls
 e - a scroll of blinking {unknown}
 f - 3 scrolls of identify
 g - 2 scrolls of enchant weapon {unknown}
 i - a scroll of immolation {unknown}
 q - a scroll of fear {unknown}
 s - a scroll of remove curse
Potions
 j - a potion of curing {unknown}
 m - 2 potions of might
 n - a potion of confusion {unknown}
 v - a potion of restore abilities {unknown}
 w - a potion of lignification {unknown}
 x - 2 potions of haste {unknown}
Books
 b - a book of Necromancy

   Spells                             Type                      Level
   *Pain                              Necromancy                   1
   *Animate Skeleton                  Necromancy                   1
   *Vampiric Draining                 Necromancy                   3
   Regeneration                       Charms/Necromancy            3
   Animate Dead                       Necromancy                   4
   Control Undead                     Necromancy                   4


   Skills:
 - Level 2.0 Dodging
 + Level 2.5 Stealth
 * Level 2.8 Spellcasting
 * Level 5.2 Necromancy


You had 3 spell levels left.
You knew the following spells:

 Your Spells              Type           Power        Failure   Level  Hunger
a - Pain                  Necr           ###.         2%          1    #......
b - Animate Skeleton      Necr           N/A          2%          1    #......
c - Vampiric Draining     Necr           ###.......   10%         3    ###....


Dungeon Overview and Level Annotations

Branches:
Dungeon (2/15)

Altars:


Message History

Casting: Pain
Confirm with . or Enter, or press ? or * to list all spells.
Aiming: Pain
Press: ? - help, Shift-Dir - straight line, f/p - ooze
Aim: an ooze (moderately wounded)
The ooze convulses in agony!
Casting: Pain
Confirm with . or Enter, or press ? or * to list all spells.
Aiming: Pain
Press: ? - help, Shift-Dir - straight line, f/p - ooze
Aim: an ooze (moderately wounded)
The ooze convulses in agony!
The ooze misses you.
Casting: Pain
Confirm with . or Enter, or press ? or * to list all spells.
You don't have enough magic to cast that spell.
Unknown command.
You hit the ooze.
The ooze is severely wounded.
The ooze hits you.
You die...

#)# #)# #.#
#.# #.# #.#
#.# #+# #.#
#@# #.#
#J#########.#
#.)......J..#
#############


You could see an ooze.

Vanquished Creatures
  4 gnolls (D:2)
  2 adders (D:2)
  A worm (D:2)
  A giant gecko (D:2)
  3 goblins (D:2)
  8 hobgoblins
  6 jackals (D:2)
  A kobold (D:1)
  A quokka (D:2)
  2 bats (D:1)
  5 giant cockroaches
  2 giant newts (D:1)
  5 rats
41 creatures vanquished.

Vanquished Creatures (collateral kills)
  A giant cockroach (D:1)
  A kobold (D:1)
2 creatures vanquished.

Vanquished Creatures (others)
  An adder skeleton (D:2)
  A goblin skeleton (D:2)
  A hobgoblin skeleton (D:1)
  2 jackal skeletons (D:2)
  A rat skeleton (D:1)
6 creatures vanquished.

Grand Total: 49 creatures vanquished

Notes
Turn   | Place    | Note
--------------------------------------------------------------
     0 | D:1      | Quh, the Human Necromancer, began the quest for the Orb.
     0 | D:1      | Reached XP level 1. HP: 13/13 MP: 3/3
    65 | D:1      | Learned a level 1 spell: Animate Skeleton
   429 | D:1      | Reached XP level 2. HP: 17/19 MP: 2/4
  1120 | D:1      | Reached XP level 3. HP: 22/24 MP: 4/6
  1562 | D:2      | Learned a level 3 spell: Vampiric Draining
  1642 | D:2      | Reached skill level 5 in Necromancy
  1668 | D:2      | Reached XP level 4. HP: 25/30 MP: 1/7
  2121 | D:2      | Slain by an ooze

Action                   |  1- 3 |  4- 6 || total
-------------------------+-------+-------++-------
Melee: Dagger            |     9 |    12 ||    21
 Cast: Pain              |    45 |    28 ||    73
       Animate Skeleton  |     9 |     1 ||    10
  Use: Scroll            |     2 |       ||     2
  Eat: Chunk             |     3 |     1 ||     4
